 Dungeon Crawl Stone Soup version 0.30-b1-2-g02819fbbbe (webtiles) character file.

Game seed: 5704683321526281730

1304 sanka the Fighter (level 8, 0/71 HPs)
             Began as a Barachi Enchanter on May 19, 2023.
             Slain by Dowan
             ... wielding a +1 dagger of venom
              (6 damage)
             ... on level 5 of the Dungeon.
             The game lasted 00:09:29 (4491 turns).

sanka the Fighter (Barachi Enchanter)               Turns: 4491, Time: 00:09:30

Health: 0/71       AC:  6    Str: 10    XL:     8   Next: 57%
Magic:  20/20      EV: 12    Int: 24    God:
Gold:   390        SH:  0    Dex: 12    Spells: 11/11 levels left

rFire   . . .        a - +2 short sword (venom)
rCold   . . .        (no shield)
rNeg    . . .        z - +0 ring mail
rPois   .            (no helmet)
rElec   .            (no cloak)
rCorr   .            (no gloves)
SInv    .            C - +0 pair of boots
Will    .....        h - amulet of regeneration
Stlth   +            n - ring of magical power
HPRegen 1.11/turn    t - +6 ring of intelligence
MPRegen 0.17/turn

%: no passive effects
@: lethally poisoned (0 -> -5), slow
A: amphibious, slowness 1, strong legs 1, +LOS
a: Hop


You were on level 5 of the Dungeon.
You visited 1 branch of the dungeon, and saw 5 of its levels.

You collected 390 gold pieces.

Inventory:

Hand Weapons
 a - a +2 short sword of venom (weapon)
 b - a +1 sling of draining
 p - a +0 flail
 x - a +1 dagger
Missiles
 w - 16 poisoned darts
Armour
 q - a +0 plate armour
 z - a +0 ring mail (worn)
 C - a +0 pair of boots (worn)
 D - a +0 robe
Jewellery
 h - an amulet of regeneration (around neck)
 n - a ring of magical power (left hand)
 t - a +6 ring of intelligence (right hand)
 y - an amulet of magic regeneration
Wands
 A - a wand of paralysis (1)
 E - a wand of acid (9)
Scrolls
 d - 7 scrolls of identify {unknown}
 e - 2 scrolls of fear {unknown}
 l - a scroll of fog {unknown}
 m - a scroll of silence {unknown}
 o - 2 scrolls of teleportation {unknown}
 s - a scroll of enchant weapon {unknown}
Potions
 c - 2 potions of invisibility
 f - 2 potions of might {unknown}
 g - a potion of ambrosia {unknown}
 i - a potion of flight {unknown}
 j - 5 potions of curing {unknown}
 k - a potion of heal wounds {unknown}
 r - 2 potions of degeneration {unknown}
 u - a potion of lignification {unknown}
 v - a potion of berserk rage {unknown}
 B - a potion of mutation {unknown}


   Skills:
 + Level 9.3 Fighting
 - Level 1.1 Short Blades
 + Level 7.3 Dodging
 - Level 2.6 Stealth
 - Level 2.1 Spellcasting
 - Level 3.2 Hexes


You had 11 spell levels left.
You didn't know any spells.
Your spell library contained the following spells:

 Spells                   Type           Power      Damage    Failure   Level
 Ensorcelled Hibernation  Hex/Ice        20%        N/A       24%         2
 Confusing Touch          Hex            18%        N/A       24%         3
 Tukima's Dance           Hex            18%        N/A       24%         3
 Cigotuvi's Dreadful Rot  Necr/Pois/Air  4%         N/A       43%         2
 Dazzling Flash           Conj/Hex       20%        N/A       43%         3
 Ignite Poison            Fire/Tmut/Pois 2%         N/A       67%         3
 Leda's Liquefaction      Hex/Erth       5%         N/A       83%         4
 Freezing Cloud           Conj/Ice/Air   1%         6-21      100%        5
 Lee's Rapid Deconstruct  Erth           1%         3d4*      100%        5
 Statue Form              Tmut/Erth      1%         N/A       100%        6


Dungeon Overview and Level Annotations

Branches:
Dungeon (5/15)
 Temple: D:4-7

Altars:
Nemelex Xobeh

Annotations:
D:4 1 runed translucent door, KineticRobot's ghost, novice DsGl
D:5 Dowan


Innate Abilities, Weirdness & Mutations

You are amphibious.
You cover ground slowly.
You can hop short distances.
You have an extended range of vision and can be seen from far away.


Message History

Dowan attacks as you move away! Dowan closely misses you.
Dowan hits you but does no damage.
You are poisoned.
You hit Dowan.
Dowan is poisoned.
Dowan is lightly wounded.
You feel very sick. Dowan hits you but does no damage.
You are more poisoned.
You hit Dowan.
Dowan looks as sick as possible!
Dowan is moderately wounded.
You feel very sick.
Dowan hits you with a +1 dagger of venom.
* * * LOW HITPOINT WARNING * * *
You hit Dowan.
Dowan is heavily wounded.
You feel sick.
Dowan hits you with a +1 dagger of venom.
* * * LOW HITPOINT WARNING * * *
You are more poisoned.
Dowan gestures wildly while chanting.
Dowan blinks!
You barely miss Dowan.
Dowan is severely wounded.
* * * LOW HITPOINT WARNING * * *
You feel very sick. Dowan barely misses you.
Aiming: Paralyse
Press: ? - help, Shift-Dir - straight line, f/p - Dowan
Aim: Dowan, wielding a +1 dagger of venom and wearing a +1 robe of fire resistance (severely wounded, fast, extremely poisoned, chance to affect: 49%)
Okay, then.
Aiming: Corrosive Bolt
Press: ? - help, Shift-Dir - straight line, f/p - Dowan
Aim: Dowan, wielding a +1 dagger of venom and wearing a +1 robe of fire resistance (severely wounded, fast, extremely poisoned, 60% to hit)
The bolt of acid misses Dowan.
* * * LOW HITPOINT WARNING * * *
You feel very sick.
Dowan hits you with a +1 dagger of venom.
* * * LOW HITPOINT WARNING * * *
Dowan hits you with a +1 dagger of venom.
You die...

......## ##...## #.....#
.....## ##### #.....#
..##..# ###.....#
#.....##### ##....####
####......## #.)####
...##.###..###### #.##
...##..###......## ###.#
...###.# ######..####...#
#### #.# ###@ยง....### .###
#.# ##.e.##....### ...###.#
###..#######...# ##.g##.#
#...###### ###.# ###..<.#
#.#......# #.##
..####..##..#......#
#..####### ..#
#...#.##....).# ##........
### #.#...........##
##.........
#.##..#..........#......^...


You could see Dowan (fast, very poisoned).

Vanquished Creatures
  Grinder (D:4)
  A wyvern (D:5)
  Duvessa (D:5)
  An ice beast (D:4)
  2 black bears
  A phantom (D:4)
  A scorpion (D:5)
  A howler monkey (D:4)
  3 hounds
  An iguana (D:4)
  A sleepcap (D:2)
  An orc wizard (D:5)
  3 gnolls (D:5)
  3 adders
  3 shadow imps (D:4)
  A white imp (D:4)
  3 ufetubi
  A worm (D:2)
  3 dart slugs
  10 orcs
  10 endoplasms
  4 giant cockroaches
  6 goblins
  8 hobgoblins
  8 jackals
  11 kobolds
  10 quokkas
  8 ball pythons
  6 bats
  2 frilled lizards
  7 rats
122 creatures vanquished.

Notes
Turn   | Place    | Note
-------+----------+-------------------------------------------
     0 | D:1      | sanka the Barachi Enchanter began the quest for the Orb.
     0 | D:1      | Reached XP level 1. HP: 13/13 MP: 3/3
    89 | D:1      | Reached skill level 1 in Fighting
   178 | D:1      | Reached skill level 2 in Fighting
   178 | D:1      | Reached XP level 2. HP: 17/22 MP: 5/5
   190 | D:1      | HP: 1/22 [kobold/+0 short sword (2)]
   592 | D:1      | Reached skill level 3 in Fighting
   672 | D:1      | Reached XP level 3. HP: 29/29 MP: 6/6
  1252 | D:2      | Reached skill level 4 in Fighting
  1308 | D:2      | Reached XP level 4. HP: 33/37 MP: 7/7
  1814 | D:2      | Reached skill level 5 in Fighting
  2347 | D:3      | Reached XP level 5. HP: 44/44 MP: 8/8
  2816 | D:4      | Noticed a black bear
  2848 | D:3      | Killed a black bear
  2849 | D:3      | Reached skill level 6 in Fighting
  2849 | D:3      | Reached XP level 6. HP: 29/52 MP: 9/9
  3063 | D:4      | Found a runed translucent door.
  3071 | D:4      | Noticed KineticRobot's ghost (novice DsGl)
  3506 | D:5      | Entered Level 5 of the Dungeon
  3513 | D:5      | Noticed Grinder
  3595 | D:4      | Reached skill level 7 in Fighting
  3595 | D:4      | Reached XP level 7. HP: 60/60 MP: 10/10
  3757 | D:5      | Noticed Dowan
  3861 | D:4      | Reached skill level 5 in Dodging
  3955 | D:4      | Paralysed by Grinder for 4 turns
  3969 | D:4      | Killed Grinder
  4110 | D:5      | Reached skill level 8 in Fighting
  4131 | D:5      | Noticed a wyvern
  4146 | D:5      | Killed a wyvern
  4147 | D:5      | Reached XP level 8. HP: 34/69 MP: 11/11
  4255 | D:5      | Found a sparkling altar of Nemelex Xobeh.
  4460 | D:5      | Noticed Duvessa
  4468 | D:5      | Killed Duvessa
  4469 | D:5      | Reached skill level 9 in Fighting
  4491 | D:5      | Slain by Dowan

Illustrated notes

Levels and vault maps discovered:
D:1:      scummos_arrival_checkerplants, layout_basic, nrook_mini_backslash,
          minivault_5, minmay_pentomino_s4
D:2:      minmay_skewed_foursquare, layout_rooms, minivault_27
D:3:      layout_basic
D:4:      layout_cave_pools, ebering_ghost_sewer_d, serial_demonic,
          serial_demonic_a, serial_demonic_f, serial_demonic_g, serial_demonic_g
D:5:      layout_rooms, nicolae_overflow_crystal_walls, uniq_prince_ribbit1,
          uniq_grinder, uniq_duvessa

Skill      XL: |  1  2  3  4  5  6  7  8 |
---------------+-------------------------+-----
Fighting       | 2 3 4 5 6 7 8 9 |  9.3
Dodging        | 3 4 6 7 |  7.3
Short Blades   | |  1.1
Stealth        | |  2.6
Spellcasting   | |  2.1
Hexes          | |  3.2

Action                     |  1- 3 |  4- 6 |  7- 9 || total
---------------------------+-------+-------+-------++-------
  Melee: Dagger            |   131 |       |       ||   131
         Punch             |     2 |       |     2 ||     4
         Flail             |    75 |   151 |    37 ||   263
         Short sword       |       |   105 |    88 ||   193
   Fire: Sling             |       |    12 |       ||    12
Ability: Hop               |       |       |     1 ||     1
  Evoke: Wand              |       |       |    16 ||    16
    Use: Potion            |       |       |     1 ||     1
   Stab: Sleeping          |     2 |     3 |       ||     5
         Paralysed         |       |       |     9 ||     9
 Armour: Robe              |    40 |    26 |       ||    66
         Ring mail         |       |    51 |    41 ||    92
  Dodge: Dodged            |   186 |   215 |    80 ||   481
